 Dungeon Crawl Stone Soup version 0.31-a0-145-g046c7d2549 (webtiles) character file.

Game seed: 12576235810811376758

78 pokeman the Magician (level 4, -3/25 HPs)
             Began as a Deep Elf Hedge Wizard on June 4, 2023.
             Slain by Sigmund
             ... wielding a +0 scythe
              (6 damage)
             ... on level 3 of the Dungeon.
             The game lasted 00:02:30 (2332 turns).

pokeman the Magician (Deep Elf Hedge Wizard)        Turns: 2332, Time: 00:02:31

Health: -3/25      AC:  2    Str:  7    XL:     4   Next: 15%
Magic:  9/13       EV: 12    Int: 21    God:
Gold:   109        SH:  0    Dex: 14    Spells: 6/14 levels left

rFire   . . .        h - +3 mace
rCold   . . .        (no shield)
rNeg    . . .        b - +0 robe
rPois   .            c - +0 hat
rElec   .            (no cloak)
rCorr   .            (no gloves)
SInv    .            (no boots)
Will    .....        (no amulet)
Stlth   +            i - +4 ring of slaying
HPRegen 0.24/turn    (no ring)
MPRegen 0.13/turn

%: no passive effects
@: confused
A: no striking features
a: no special abilities


You were on level 3 of the Dungeon.
You visited 1 branch of the dungeon, and saw 3 of its levels.

You collected 109 gold pieces.

Inventory:

Hand Weapons
 h - a +3 mace (weapon)
Armour
 b - a +0 robe (worn)
 c - a +0 hat (worn)
Jewellery
 i - a +4 ring of slaying (left hand)
Scrolls
 a - a scroll of magic mapping {unknown}
 e - 4 scrolls of identify {unknown}
 k - a scroll of blinking {unknown}
Potions
 d - 4 potions of magic
 f - a potion of cancellation {unknown}
 g - a potion of curing {unknown}
 j - a potion of invisibility {unknown}


   Skills:
 - Level 1.0 Fighting
 - Level 1.0 Armour
 + Level 2.6 Dodging
 + Level 2.6 Stealth
 * Level 5.5 Spellcasting
 + Level 2.1 Conjurations
 - Level 1.1 Summonings
 - Level 1.1 Translocations


You had 6 spell levels left.
You knew the following spells:

 Your Spells              Type           Power      Damage    Failure   Level
a - Magic Dart            Conj           56%        1d5       4%          1
b - Mephitic Cloud        Conj/Pois/Air  8%         N/A       22%         3
c - Call Imp              Summ           20%        N/A       10%         2
d - Blink                 Tloc           20%        N/A       10%         2

Your spell library contained the following spells:

 Spells                   Type           Power      Damage    Failure   Level
 Lesser Beckoning         Tloc           20%        N/A       10%         2
 Slow                     Hex            20%        N/A       11%         1
 Cigotuvi's Dreadful Rot  Necr/Pois/Air  10%        N/A       16%         2
 Gell's Gravitas          Tloc           10%        N/A       19%         3
 Teleport Other           Tloc           10%        N/A       19%         3


Dungeon Overview and Level Annotations

Branches:
Dungeon (3/15)

Altars:

Annotations:
D:3 Sigmund


Message History

Casting: Mephitic Cloud (extremely dangerous; 22% risk of failure)
Confirm with . or Enter, or press ? or * to list all spells.
A tiny devil pulls itself out of the air.
Your magical contamination has completely faded away.
You swap places.
Your cerulean imp hits Sigmund but does no damage.
You start resting.
Your cerulean imp disappears in a puff of smoke!
Sigmund is nearby!
Casting: Call Imp (safe; 10% risk of failure)
Confirm with . or Enter, or press ? or * to list all spells.
The spell is extremely dangerous to miscast (22% risk of failure)!
Continue anyway?
Aiming: Mephitic Cloud (extremely dangerous; 22% risk of failure)
Press: ? - help, Shift-Dir - straight line, f/p - Sigmund
Aim: Sigmund, wielding a +0 scythe and wearing a +0 robe (moderately wounded, chance to affect: 86%) That beam is likely to hit you.
Continue anyway?
The ball explodes into a vile cloud!
The stinking cloud engulfs Sigmund but does no damage.
Sigmund is moderately wounded.
The stinking cloud engulfs you but does no damage.
You are engulfed in noxious fumes.
You choke on the stench!
You are confused.
You hear a shout!
Sigmund is engulfed in noxious fumes.
Sigmund casts a spell.
Sigmund flickers and vanishes!
Deactivating autopickup; reactivate with Ctrl-A.
You bump into the rock wall.
You are engulfed in noxious fumes.
You choke on the stench!
You are more confused.
Something hits you!
* * * LOW HITPOINT WARNING * * *
Unknown command.
You're too confused to move!
You are engulfed in noxious fumes.
You choke on the stench!
You are more confused.
You bump into the rock wall.
You bump into the rock wall.
Something hits you.
You die...

..# ... #.# .# ######### #.#
#.## ........# #.####....
#######.# ####<........
#)@....## #..........##
#.###...#########.###.......)
##.#
#..........@{.........###
...###.##.########.###.#####
##.....##...)..........#
#####.###.########)#####
......)..#########)#
######.........).).#
#.############# ...# #####


There were no monsters in sight!

Vanquished Creatures
  An orc wizard (D:3)
  An adder (D:2)
  A worm (D:2)
  4 orcs (D:3)
  5 ball pythons
  3 bats
  2 endoplasms (D:1)
  2 giant cockroaches
  7 goblins
  4 hobgoblins (D:2)
  3 kobolds
  A frilled lizard (D:1)
  4 rats
38 creatures vanquished.

Notes
Turn   | Place    | Note
-------+----------+-------------------------------------------
     0 | D:1      | pokeman the Deep Elf Hedge Wizard began the quest for the
                  | Orb.
     0 | D:1      | Reached XP level 1. HP: 10/10 MP: 7/7
   231 | D:1      | Reached XP level 2. HP: 16/16 MP: 0/9
  1178 | D:2      | Reached skill level 5 in Spellcasting
  1489 | D:2      | Reached XP level 3. HP: 20/20 MP: 4/11
  1493 | D:2      | Learned a level 3 spell: Mephitic Cloud
  1496 | D:2      | Learned a level 2 spell: Call Imp
  1499 | D:2      | Learned a level 2 spell: Blink
  2066 | D:3      | Reached skill level 1 in Fighting
  2069 | D:3      | Reached skill level 1 in Armour
  2203 | D:3      | Reached XP level 4. HP: 13/25 MP: 5/13
  2221 | D:3      | Noticed Sigmund
  2332 | D:3      | Slain by Sigmund

Illustrated notes

Levels and vault maps discovered:
D:1:      wheals_arrival_linesprint, layout_basic, minmay_statues_item,
          minmay_crystal_room, serial_park_tiny_pond,
          minmay_misc_feat_secret_circle
D:2:      layout_basic
D:3:      layout_loops_ring, uniq_sigmund

Skill      XL: |  1  2  3 |
---------------+----------+-----
Spellcasting   | 5 |  5.5
Fighting       | 1 |  1.0
Armour         | 1 |  1.0
Conjurations   | 2 |  2.1
Dodging        | |  2.6
Stealth        | |  2.6
Summonings     | |  1.1
Translocations | |  1.1

Action                     |  1- 3 |  4- 6 || total
---------------------------+-------+-------++-------
  Melee: Mace              |     6 |     5 ||    11
         Punch             |       |     1 ||     1
   Cast: Magic Dart        |    90 |       ||    90
         Mephitic Cloud    |     2 |     2 ||     4
         Call Imp          |       |     1 ||     1
   Stab: Confused          |       |     1 ||     1
 Armour: Robe              |     5 |       ||     5
  Dodge: Dodged            |     9 |     3 ||    12

Table legend: (Time is in decaauts)
 A = Elapsed time spent in this place.
 B = Non-inter-level travel time spent in this place.
 C = Inter-level travel time spent in this place.
 D = Time resting spent in this place.
 E = Time spent auto-exploring this place.
 F = Levels seen in this place.
 G = Mean time per level.
                   A        B        C        D        E       F      G
               +--------+--------+--------+--------+--------+-----+--------+
         Total |   2335 |   2282 |     53 |     53 |   1983 |   3 |  778.3 |
       Dungeon |   2335 |   2282 |     53 |     53 |   1983 |   3 |  778.3 |
               +--------+--------+--------+--------+--------+-----+--------+

Top non-repeatable levels by time:
     D:1: 1042 daAuts
     D:2: 1012 daAuts
     D:3: 279 daAuts
